 Dungeon Crawl Stone Soup version 0.30-a0-778-g2ef04afb54 (webtiles) character file.

Game seed: 16633574792414435855

516 Smoke131 the Chucker (level 7, -3/67 HPs)
             Began as an Ogre Gladiator on Feb 16, 2023.
             Was an Initiate of Okawaru.
             Slain by an ice beast (11 damage)
             ... on level 7 of the Dungeon.
             The game lasted 00:11:02 (4103 turns).

Smoke131 the Chucker (Ogre Gladiator)               Turns: 4103, Time: 00:11:03

Health: -3/67      AC:  3    Str: 19    XL:     7   Next: 20%
Magic:  8/8        EV: 10    Int:  9    God:    Okawaru [......]
Gold:   247        SH:  0    Dex: 12    Spells: 6/6 levels left

rFire   . . .      SeeInvis .    a - +0 war axe (heavy)
rCold   . . .      Faith    .    (no shield)
rNeg    . . .      Spirit   .    b - +0 robe
rPois   .          Reflect  .    c - +0 hat
rElec   .          Harm     .    (no cloak)
rCorr   .          Rampage  .    (gloves unavailable)
Will    .....                    (boots unavailable)
Stlth   +                        (no amulet)
HPRegen 0.31/turn                (no ring)
MPRegen 0.11/turn                (no ring)

@: no status effects
A: large, unfitting armour, tough skin 1
a: Renounce Religion


You were on level 7 of the Dungeon.
You worshipped Okawaru.
Okawaru was noncommittal.
You visited 2 branches of the dungeon, and saw 6 of its levels.

You collected 247 gold pieces.

Inventory:

Hand Weapons
 a - a +0 heavy war axe (weapon)
Missiles
 d - 2 throwing nets
 j - a curare-tipped dart (quivered)
 m - 45 stones
 p - a large rock
 u - 3 poisoned darts
Armour
 b - a +0 robe (worn)
 c - a +0 hat (worn)
Scrolls
 g - a scroll of teleportation
 h - a scroll of torment {unknown}
 i - a scroll of fear
 n - a scroll of vulnerability
 r - 2 scrolls of brand weapon
 s - a scroll of summoning
 t - 2 scrolls of identify
Potions
 e - a potion of cancellation
 f - a potion of haste
 l - 2 potions of curing {unknown}
 o - a potion of mutation {unknown}
 q - 2 potions of lignification {unknown}


   Skills:
 - Level 3.0 Fighting
 - Level 3.0 Axes
 + Level 7.0 Throwing
 - Level 3.0 Dodging
 + Level 2.5 Invocations


You had 6 spell levels left.
You didn't know any spells.
Your spell library contained the following spells:

 Spells                   Type           Power      Damage    Failure   Level
 Cigotuvi's Dreadful Rot  Necr/Pois/Air  0%         N/A       52%         2
 Dispel Undead            Necr           0%         3d6       99%         4
 Death Channel            Necr           Unusable   N/A       N/A         6

Dungeon Overview and Level Annotations

Branches:
Dungeon (7/15)             Temple (1/1) D:7

Altars:
Ashenzari
Elyvilon
Gozag
Hepliaklqana
Nemelex Xobeh
Okawaru
Qazlal
Ru
Trog
Uskayaw
Vehumet
Wu Jian
Xom
The Shining One


Innate Abilities, Weirdness & Mutations

You are too large for most types of armour.
You have tough skin. (AC +1)


Message History

The ufetubus hits you but does no damage.
The ufetubus hits you. The ufetubus closely misses you. The ufetubus hits you.
The ufetubus closely misses you.
The ice beast hits you but does no damage.
Unknown command.
The ufetubus attacks as you move away! The ufetubus hits you.
The ufetubus barely misses you. x3
There is an open door here.
You closely miss the ufetubus. The ufetubus barely misses you.
The ufetubus closely misses you. x2; The ufetubus barely misses you.
The ufetubus hits you but does no damage.
The ufetubus barely misses you.
You barely miss the ufetubus. The ufetubus closely misses you.
The ufetubus barely misses you. The ufetubus hits you. x2
The ice beast hits you. The ice beast freezes you. The ufetubus hits you. x2
You closely miss the ice beast. You slash the ufetubus!
You kill the ufetubus!
Okawaru accepts your kill. The ice beast hits you. The ice beast freezes you.
The ice beast closely misses you.
You barely miss the ice beast. The ice beast hits you.
The ice beast freezes you! The ice beast barely misses you.
Throw: 3 darts (curare)
Press: ? - help, Q - select action, (/) - cycle Shift-Dir - straight line, f - ice beast
Aim: an ice beast (62% to hit)
You throw a curare-tipped dart.
The curare-tipped dart closely misses the ice beast.
The ice beast hits you.
* * * LOW HITPOINT WARNING * * *
The ice beast freezes you!
* * * LOW HITPOINT WARNING * * *
Throw: 2 darts (curare)
Press: ? - help, Q - select action, (/) - cycle Shift-Dir - straight line, f/p - ice beast
Aim: an ice beast (62% to hit)
You throw a curare-tipped dart.
The curare-tipped dart hits the ice beast.
The ice beast hits you.
* * * LOW HITPOINT WARNING * * *
The ice beast freezes you!
You die...

### ##+###............#
^.. #............# ...
#............# #..
###............#
##..###+#...>###+##.....
#......(#....# #.....
#.......#....# #.....
+......Y#....# #.....
###.###@#....## #.....
#........# ####..
#........# #..
#........# +..
#........# #..
#........# #..
#........# #..
#........# ...
#........# ....


You could see an ice beast.

Vanquished Creatures
  An orc warrior (D:7)
  A necrophage (D:2)
  A hound (D:7)
  3 orc priests
  Natasha (thrice) (D:2)
  2 orc wizards
  An adder (D:3)
  An ufetubus (D:7)
  A worm (D:2)
  2 dart slugs
  21 orcs
  A ball python (D:4)
  3 bats
  7 endoplasms
  3 giant cockroaches
  8 goblins
  11 hobgoblins
  4 jackals
  8 kobolds
  2 quokkas
  3 frilled lizards
  7 rats
94 creatures vanquished.

Vanquished Creatures (collateral kills)
  A kobold (D:3)
1 creature vanquished.

Grand Total: 95 creatures vanquished

Notes
Turn   | Place    | Note
-------+----------+-------------------------------------------
     0 | D:1      | Smoke131 the Ogre Gladiator began the quest for the Orb.
     0 | D:1      | Reached XP level 1. HP: 22/22 MP: 1/1
    54 | D:1      | Reached XP level 2. HP: 20/31 MP: 2/2
   696 | D:1      | Reached skill level 3 in Throwing
   696 | D:1      | Reached XP level 3. HP: 34/37 MP: 3/3
  1335 | D:2      | Noticed Natasha
  1344 | D:2      | Killed Natasha
  1345 | D:2      | Reached XP level 4. HP: 24/45 MP: 4/4
  1362 | D:2      | Noticed Natasha
  1431 | D:2      | Killed Natasha
  1432 | D:2      | Reached skill level 4 in Throwing
  1458 | D:2      | Noticed a necrophage
  1464 | D:2      | Killed a necrophage
  1465 | D:2      | Reached skill level 5 in Throwing
  1465 | D:2      | Reached XP level 5. HP: 52/53 MP: 5/5
  1635 | D:2      | Noticed Natasha
  1646 | D:2      | Killed Natasha
  1800 | D:2      | Found a shimmering altar of Xom.
  2704 | D:3      | Reached skill level 6 in Throwing
  2704 | D:3      | Reached XP level 6. HP: 44/61 MP: 6/6
  2741 | D:3      | Found a hazy altar of Hepliaklqana.
  2897 | D:3      | Found a broken altar of Ashenzari.
  3432 | D:4      | You fall into a shaft and drop 3 floors!
  3449 | D:7      | Found a staircase to the Ecumenical Temple.
  3472 | Temple   | Entered the Ecumenical Temple
  3546 | Temple   | Became a worshipper of Warmaster Okawaru
  3686 | D:7      | Noticed an orc warrior
  3736 | D:7      | Killed an orc warrior
  3737 | D:7      | Reached skill level 1 in Invocations
  3737 | D:7      | Reached XP level 7. HP: 67/67 MP: 6/8
  3915 | D:7      | Reached skill level 7 in Throwing
  4103 | D:7      | Slain by an ice beast

Illustrated notes

Levels and vault maps discovered:
D:1:      tarquinn_simple_flora_water_d, layout_basic
D:2:      layout_basic, basic_altar, uniq_natasha
D:3:      layout_rooms, general_overflow_altar, mainiacjoe_overflow_24_doors,
          kennysheep_generic_room_11
D:4:      layout_rooms, kennysheep_generic_room_12
D:7:      layout_gridville, minmay_temple_entry_tees, kennysheep_generic_room_7
Temple:   oiseaux_autumnal_temple

Skill      XL: |  1  2  3  4  5  6  7 |
---------------+----------------------+-----
Fighting       | 3 |  3.0
Dodging        | 3 |  3.0
Throwing       | 3 5 6 7 |  7.0
Invocations    | 1 2 |  2.5
Axes           | |  3.0

Action                     |  1- 3 |  4- 6 |  7- 9 || total
---------------------------+-------+-------+-------++-------
  Melee: War axe           |    77 |   148 |    22 ||   247
         Punch             |       |     4 |       ||     4
  Throw: Large rock        |       |     3 |       ||     3
         Dart              |       |     4 |     2 ||     6
         Throwing net      |       |     1 |       ||     1
    Use: Scroll            |       |    10 |       ||    10
         Potion            |       |       |     2 ||     2
   Stab: Sleeping          |       |     2 |       ||     2
 Armour: Robe              |    25 |    38 |     7 ||    70
  Dodge: Dodged            |    33 |   101 |    29 ||   163

Table legend: (Time is in decaauts)
 A = Elapsed time spent in this place.
 B = Non-inter-level travel time spent in this place.
 C = Inter-level travel time spent in this place.
 D = Time resting spent in this place.
 E = Time spent auto-exploring this place.
 F = Levels seen in this place.
 G = Mean time per level.
                   A        B        C        D        E       F      G
               +--------+--------+--------+--------+--------+-----+--------+
         Total |   4233 |   4164 |     69 |    854 |   1941 |   6 |  705.5 |
       Dungeon |   4123 |   4054 |     69 |    854 |   1883 |   5 |  824.6 |
        Temple |    109 |    109 |      0 |      0 |     58 |   1 |  109.0 |
               +--------+--------+--------+--------+--------+-----+--------+

Top non-repeatable levels by time:
     D:2: 1223 daAuts
     D:1: 1155 daAuts
     D:3: 783 daAuts
     D:7: 593 daAuts
     D:4: 367 daAuts
  Temple: 109 daAuts
